Description

Safe build for me.

Build Order

Get SALT Encoding   

  12  0:01  Probe x2  @up to 5 minutes without stopping
  14  0:17  Pylon  
  14  0:19  Probe (Chrono Boost)  @BOOST! after the pylon!
  15  0:39  Gateway  
  16  0:47  Assimilator  
  17  0:55  Assimilator  
  19  1:14  Gateway  
  20  1:27  Cybernetics Core  
  21  1:34  Pylon  
  23  2:04  Stalker x2  
  23  2:05  Warp Gate (Chrono Boost)  @CyberCore BOOST!!! Don't forget!
  29  2:23  Pylon  
  30  2:47  Stalker x2  
  32  2:48  Stargate  
  33  3:35  Oracle (Chrono Boost)  
  34  3:40  Nexus  
  40  4:30  Pylon  
  45  4:35  Robotics Facility  
  50  5:00  Forge  
  55  5:20  Twilight Council  
  56  5:21  Observer  @Mid
  60  5:32  Immortal  
  69  5:47  Gateway  
  73  5:53  Gateway  
  74  5:50  Protoss Ground Weapons Level 1 (Chrono Boost)  
  76  6:00  Observer  @army
  78  6:34  Charge  
  80  6:40  Warp Prism (Chrono Boost)  
  81  6:42  Templar Archives  
  90  7:00  Gateway x4  
  91  7:10  Nexus  
  95  7:26  High Templar x4  
  99  7:33  Archon x2  
  101  7:50  Zealot x4  
  120  8:00  Shield Battery  
  121  8:08  Protoss Ground Armor Level 2 (Chrono Boost)  
  140  9:30  Action  @Attack or SkyToss macro!
  200  13:00  Action  @Attack or SkyToss macro!
Spawning Tool Build Advisor. Get it on Overwolf

Go to:

Details

  • Created by: Zafari
  • Published on: May 01, 2018
  • Modified on: May 08, 2018
  • Patch: 4.0.0
Show
View Real Time Build Order
Export as new Build Order

Comments (1)

On Nov. 24, 2018, 1:29 a.m., Богдан  said:

Дич

Create an account to comment!